 Dungeon Crawl Stone Soup version 0.30.1 (webtiles) character file.

Game seed: 9661016211876288153

62688 McKennaii the Eclecticist (level 14, -13/93 HPs)
             Began as a Demigod Conjurer on July 5, 2023.
             Mangled by a stone giant (22 damage)
             ... on level 2 of the Orcish Mines.
             The game lasted 00:50:17 (26675 turns).

McKennaii the Eclecticist (Demigod Conjurer)       Turns: 26675, Time: 00:50:17

Health: -13/93     AC: 15    Str:  8    XL:     14   Next: 28%
Magic:  16/47      EV: 10    Int: 36    God:
Gold:   1640       SH:  0    Dex: 12    Spells: 9/43 levels left

rFire   . . .        F - staff of cold
rCold   + . .        (no shield)
rNeg    + . .        W - +0 ring mail of Donidaq {rElec rCorr MP+9}
rPois   +            E - +1 helmet {SInv}
rElec   +            J - +1 cloak {rPois}
rCorr   +            w - +0 pair of gloves
SInv    +            f - +0 pair of boots
Will    +....        r - amulet of regeneration
Stlth   +            L - +4 ring of protection
HPRegen 1.15/turn    z - ring of positive energy
MPRegen 0.30/turn

%: no passive effects
@: very slightly contaminated, studying Unarmed Combat
A: high MP 1, forlorn, divine attributes
a: no special abilities


You were on level 2 of the Orcish Mines.
You visited 3 branches of the dungeon, and saw 18 of its levels.
You also visited: Bailey and Gauntlet.

You collected 1937 gold pieces.
You spent 297 gold pieces at shops.

Inventory:

Hand Weapons
 y - a +5 trident
Armour
 f - a +0 pair of boots (worn)
 w - a +0 pair of gloves (worn)
 A - a +3 leather armour of cold resistance
 D - a +3 ring mail of fire resistance
 E - a +1 helmet of see invisible (worn)
 J - a +1 cloak of poison resistance (worn)
 W - the +0 ring mail of Donidaq (worn) {rElec rCorr MP+9}
   (You bought it in a shop on level 2 of the Orcish Mines)

   rElec:     It insulates you from electricity.
   MP:        It affects your magic capacity (+9).
   rCorr:     It protects you from acid and corrosion.
Magical Staves
 x - a staff of conjuration
 F - a staff of cold (weapon)
 M - a staff of fire
 S - a staff of air
Jewellery
 r - an amulet of regeneration (around neck)
 u - a +6 ring of strength
 z - a ring of positive energy (right hand)
 L - a +4 ring of protection (left hand)
 U - an amulet of the acrobat
 X - a ring of willpower
Wands
 k - a wand of mindburst (4)
 C - a wand of quicksilver (11)
 G - a wand of charming (4)
 I - a wand of iceblast (18)
 Q - a wand of polymorph (2)
Scrolls
 a - a scroll of brand weapon
 d - 10 scrolls of teleportation
 e - 3 scrolls of fear
 g - 4 scrolls of magic mapping
 j - a scroll of enchant armour
 l - 2 scrolls of amnesia {unknown}
 p - 3 scrolls of poison {unknown}
 t - 3 scrolls of enchant weapon {unknown}
 v - a scroll of blinking {unknown}
 H - 4 scrolls of summoning {unknown}
 N - 2 scrolls of acquirement {unknown}
 O - 3 scrolls of immolation {unknown}
 T - a scroll of fog {unknown}
Potions
 b - a potion of magic
 c - 4 potions of mutation
 h - 3 potions of resistance
 i - 3 potions of might
 m - a potion of cancellation {unknown}
 n - 2 potions of flight
 o - 8 potions of curing
 q - 5 potions of heal wounds
 s - a potion of lignification {unknown}
 B - a potion of berserk rage {unknown}
 K - a potion of ambrosia {unknown}
 P - 2 potions of invisibility
 R - a potion of attraction {unknown}
 V - a potion of haste


   Skills:
 * Level 1.2 Armour
 - Level 1.7 Dodging
 - Level 1.7 Stealth
 + Level 15.4 Spellcasting
 - Level 12.4 Conjurations
 * Level 12.8 Ice Magic


You had 9 spell levels left.
You knew the following spells:

 Your Spells              Type           Power      Damage    Failure   Level
a - Magic Dart            Conj           100%       1d8       1%          1
b - Searing Ray           Conj           100%       2d8       1%          2
c - Iskenderun's Mystic   Conj/Tloc      64%        2d13      3%          4
f - Freezing Cloud        Conj/Ice/Air   46%        6-21      3%          5
g - Ozocubu's Refrigerat  Ice            55%        4d19      17%         7
h - Polar Vortex          Ice            55%        N/A       100%        9
t - Simulacrum            Ice/Necr       42%        N/A       41%         6

Your spell library contained the following spells:

 Spells                   Type           Power      Damage    Failure   Level
 Ensorcelled Hibernation  Hex/Ice        100%       N/A       1%          2
 Dazzling Flash           Conj/Hex       100%       N/A       1%          3
 Mephitic Cloud           Conj/Pois/Air  55%        N/A       2%          3
 Ice Form                 Ice/Tmut       84%        N/A       2%          4
 Summon Ice Beast         Ice/Summ       84%        N/A       2%          4
 Fulminant Prism          Conj/Hex       32%        3d15      3%          4
 Apportation              Tloc           54%        N/A       4%          1
 Slow                     Hex            100%       N/A       4%          1
 Call Imp                 Summ           54%        N/A       6%          2
 Cigotuvi's Dreadful Rot  Necr/Pois/Air  54%        N/A       6%          2
 Passwall                 Tmut/Erth      22%        N/A       6%          2
 Sublimation of Blood     Necr           27%        N/A       6%          2
 Wereblood                Tmut           27%        N/A       6%          2
 Confusing Touch          Hex            27%        N/A       12%         3
 Ignite Poison            Fire/Tmut/Pois 27%        N/A       12%         3
 Spider Form              Tmut/Pois      27%        N/A       12%         3
 Swiftness                Air            27%        N/A       12%         3
 Vampiric Draining        Necr           27%        2d7       12%         3
 Anguish                  Hex/Necr       13%        N/A       36%         4
 Manifold Assault         Tloc           27%        N/A       36%         4
 Alistair's Intoxication  Tmut/Pois      18%        N/A       73%         5
 Summon Forest            Summ/Tloc      13%        N/A       73%         5
 Summon Mana Viper        Hex/Summ       27%        N/A       73%         5
 Dispersal                Tloc           13%        N/A       99%         6
 Monstrous Menagerie      Summ           13%        N/A       100%        7
 Summon Hydra             Summ           13%        N/A       100%        7
 Disjunction              Tloc           13%        N/A       100%        8
 Chain Lightning          Conj/Air       32%        3d42      100%        9
 Fire Storm               Conj/Fire      32%        8d8       100%        9
 Shatter                  Erth           13%        3d14*     100%        9


Dungeon Overview and Level Annotations

Branches:
Dungeon (11/15)            Temple (0/1) D:7            Lair (5/5) D:8
  Swamp (0/4) Lair:2       Spider (0/4) Lair:3        Slime (0/5) Lair:4
    Orc (2/2) D:11            Elf (0/3) Orc:2        Bailey (visited)
Gauntlet (visited)

Shops:
D:8 (   Orc:2 [*(=


Innate Abilities, Weirdness & Mutations

You have an increased reservoir of magic. (+10% MP)
You shall have no god before yourself.
Your divine heritage dramatically boosts your attributes as you level up.


Message History

You feel a surge of power!
The fungus is engulfed in freezing vapours.
The stone giant is engulfed in freezing vapours.
The stone giant throws a large rock.
The large rock hits you!!
* * * LOW HITPOINT WARNING * * *
The cyclops is engulfed in freezing vapours. x2
Unknown command.
Unknown command.
Casting: Freezing Cloud (dangerous; 3% risk of failure)
Confirm with . or Enter, or press ? or * to list all spells.
The spell is quite dangerous to miscast (19% risk of failure)!
Continue anyway?
You feel a surge of power!
You miscast Ozocubu's Refrigeration.
You are very lightly contaminated with residual magic.
You are caught in an explosion of ice and frost!
You resist.
* * * LOW HITPOINT WARNING * * *
The fungus is engulfed in freezing vapours.
The stone giant is engulfed in freezing vapours.
Unknown command.
Unknown command.
Casting: Ozocubu's Refrigeration (quite dangerous; 19% risk of failure)
Confirm with . or Enter, or press ? or * to list all spells.
The spell is quite dangerous to miscast (19% risk of failure)!
Continue anyway?
You feel a surge of power!
You miscast Ozocubu's Refrigeration.
Your hands feel numb with cold!
You resist.
* * * LOW HITPOINT WARNING * * *
The fungus is engulfed in freezing vapours.
The cyclops is engulfed in freezing vapours. x2
You kill the cyclops!
The stone giant is engulfed in freezing vapours.
Unknown command.
Unknown command.
Unknown command.
Casting: Ozocubu's Refrigeration (quite dangerous; 17% risk of failure)
Confirm with . or Enter, or press ? or * to list all spells.
You erupt in a blast of force!
The mystic blast hits the stone giant.
The stone giant is heavily wounded.
The fungus is engulfed in freezing vapours.
A nearby fungus withers and dies.
The stone giant hits you!!
You die...

##...........................
#.......#...............##...
##...#...#..............<....
##.##..................#....
##.#.......##........ .....
#.......# ##......
#.......###.#....#
#.........#...#...#.
##..........@.....P.
#...#.......C§..§..
##.###.#.#.#.§§§§§. ###
##...#.§§§C§§. ##.###.§§§§§§
### ...§§§∩ ..§§§8. #.§§...


You could see a stone giant and a cyclops.

Vanquished Creatures
  A minotaur (Gauntlet)
  3 ettins (Orc:2)
  6 hydras
  An ice dragon (Lair:1)
  A ghost crab (Lair:2)
  A centaur warrior (D:11)
  2 two-headed ogres
  3 skysharks
  An orange crystal statue (Gauntlet)
  An orc knight (Orc:2)
  9 cyclopes
  A deep elf pyromancer (D:9)
  An orc sorcerer (Orc:2)
  An ugly thing (D:11)
  The ghost of Henri the Covert, a novice VSEn of Wu Jian (D:8)
  Joseph (D:7)
  Maurice (D:10)
  9 elephants (Lair:5)
  5 black mambas
  A torpor snail (Lair:2)
  A smoke demon (Gauntlet)
  27 cane toads
  An unseen horror (D:10)
  A hellion (Gauntlet)
  A rime drake (Lair:5)
  11 komodo dragons
  A spectral skyshark (Lair:2)
  4 trolls
  A polar bear (Lair:1)
  A tyrant leech (Lair:5)
  7 dream sheep (Lair:4)
  14 blink frogs
  3 spectral black mambas (Lair:2)
  4 culicivoras (Lair:3)
  A vampire (D:11)
  66 yaks
  A wraith (D:9)
  Eustachio (D:6)
  5 wyverns
  A basilisk (Lair:3)
  Grum (D:10)
  5 vampire mosquitoes (Lair:5)
  A steam dragon (D:8)
  A warg (Orc:2)
  A spectral cane toad (Lair:2)
  16 water moccasins
  2 hell hounds (Gauntlet)
  A spectral polar bear (Lair:2)
  An ice beast (D:6)
  16 orc warriors
  2 black bears
  4 ogres
  24 wolves
  7 centaurs
  A phantom (D:5)
  4 necrophages (D:7)
  20 bullfrogs
  2 scorpions
  7 wights
  5 spriggan skeletons (D:10)
  9 killer bees (D:9)
  A troll skeleton (D:10)
  3 electric eels
  A centaur zombie (D:7)
  The ghost of ripuliukko the Magician, a weakling DEEE (D:3)
  3 hounds
  A jelly (D:7)
  12 orc priests
  4 iguanas
  2 sleepcaps
  2 gnoll boudas
  16 orc wizards
  A killer bee zombie (D:7)
  8 gnolls
  7 adders
  A shadow imp (D:7)
  A white imp (D:7)
  2 worms
  2 dart slugs
  58 orcs
  4 ball pythons
  6 endoplasms
  4 giant cockroaches
  11 goblins
  4 hobgoblins
  3 quokkas
  3 bats
  4 frilled lizards
  6 kobolds
  A rat (D:3)
504 creatures vanquished.

Notes
Turn   | Place    | Note
-------+----------+-------------------------------------------
     0 | D:1      | McKennaii the Demigod Conjurer began the quest for the Orb.
     0 | D:1      | Reached XP level 1. HP: 14/14 MP: 5/5
    82 | D:1      | Reached skill level 2 in Spellcasting
   327 | D:1      | Reached XP level 2. HP: 20/20 MP: 2/7
  1213 | D:1      | Learned a level 2 spell: Searing Ray
  1353 | D:2      | Reached XP level 3. HP: 26/26 MP: 4/9
  2599 | D:3      | Reached XP level 4. HP: 33/33 MP: 9/11
  2653 | D:3      | Found a runed translucent door.
  2658 | D:3      | Noticed ripuliukko's ghost (weakling DEEE)
  2836 | D:3      | Reached skill level 3 in Spellcasting
  2967 | D:3      | Killed ripuliukko's ghost
  3104 | D:4      | Reached XP level 5. HP: 3/38 MP: 0/13
  3193 | D:4      | Learned a level 4 spell: Iskenderun's Mystic Blast
  3270 | D:4      | Reached skill level 5 in Conjurations
  4135 | D:5      | Entered Level 5 of the Dungeon
  4152 | D:5      | Noticed a centaur
  4272 | D:5      | Reached skill level 4 in Spellcasting
  4347 | D:5      | Killed a centaur
  4348 | D:5      | Reached XP level 6. HP: 17/45 MP: 7/15
  5042 | D:6      | Reached XP level 7. HP: 39/50 MP: 10/17
  5192 | D:6      | Reached skill level 5 in Spellcasting
  5579 | D:6      | Noticed Eustachio
  5590 | D:6      | Killed Eustachio
  5861 | D:6      | Reached skill level 6 in Spellcasting
  5861 | D:6      | Reached XP level 8. HP: 52/57 MP: 13/20
  6405 | D:7      | Found a staircase to the Ecumenical Temple.
  6424 | D:7      | Reached skill level 7 in Spellcasting
  6560 | D:7      | Noticed Joseph
  6783 | D:7      | Killed Joseph
  7129 | D:7      | Reached XP level 9. HP: 62/62 MP: 11/24
  7525 | D:8      | Found a staircase to the Lair.
  7526 | D:8      | Noticed a komodo dragon
  7538 | D:8      | Killed a komodo dragon
  7539 | D:8      | Reached skill level 8 in Spellcasting
  7616 | D:8      | Found a flagged portal.
  7627 | Bailey   | Entered a bailey
  8220 | Bailey   | Reached skill level 10 in Conjurations
  8624 | D:8      | Reached skill level 9 in Spellcasting
  8815 | D:8      | Found a runed translucent gate.
  8815 | D:8      | Found a runed translucent gate.
  8871 | D:8      | Found a runed translucent gate.
  8978 | D:8      | Found Wyigriky's Weapon Shop.
  9140 | D:8      | Noticed Henri's ghost (novice VSEn)
  9155 | D:8      | Killed Henri's ghost
  9156 | D:8      | Reached XP level 10. HP: 69/69 MP: 14/27
  9493 | D:9      | Noticed a five-headed hydra
  9498 | D:9      | Noticed a deep elf pyromancer
  9502 | D:9      | Killed a five-headed hydra
  9504 | D:9      | Killed a deep elf pyromancer
  9635 | D:9      | Reached skill level 10 in Spellcasting
 10450 | D:9      | Noticed a two-headed ogre
 10458 | D:9      | Killed a two-headed ogre
 10762 | D:10     | Entered Level 10 of the Dungeon
 11205 | D:10     | Reached XP level 11. HP: 63/74 MP: 9/30
 11466 | D:10     | Noticed a two-headed ogre
 11476 | D:10     | Killed a two-headed ogre
 11858 | D:10     | Noticed Grum
 11867 | D:10     | Killed Grum
 12043 | D:10     | Reached skill level 11 in Spellcasting
 12265 | D:10     | Noticed Maurice
 12282 | D:10     | Killed Maurice
 12519 | Lair:1   | Entered Level 1 of the Lair of Beasts
 12993 | Lair:1   | Reached skill level 12 in Spellcasting
 13526 | Lair:1   | Noticed an ice dragon
 13542 | Lair:1   | HP: 1/74 [ice dragon (11)]
 14046 | Lair:1   | Noticed a skyshark
 14056 | Lair:1   | Killed a skyshark
 14078 | Lair:1   | Reached skill level 13 in Spellcasting
 14712 | Lair:1   | Killed an ice dragon
 14807 | Lair:1   | Identified the +4 halberd of Zias {speed, Will- Str+2
                  | Dex+6}
 14833 | Lair:1   | Learned a level 7 spell: Ozocubu's Refrigeration
 14944 | Lair:2   | Reached skill level 1 in Ice Magic
 14948 | Lair:2   | Reached XP level 12. HP: 81/81 MP: 6/34
 15092 | Lair:2   | Noticed a four-headed hydra
 15099 | Lair:2   | Killed a four-headed hydra
 15392 | Lair:2   | Noticed a four-headed hydra
 15401 | Lair:2   | Killed a four-headed hydra
 15787 | Lair:2   | Reached skill level 5 in Ice Magic
 16952 | Lair:2   | Noticed a ghost crab
 17053 | Lair:2   | Killed a ghost crab
 17168 | Lair:2   | Found a staircase to the Swamp.
 17335 | Lair:3   | Learned a level 6 spell: Simulacrum
 17352 | Lair:3   | Reached skill level 14 in Spellcasting
 17532 | Lair:3   | Found a hole to the Spider Nest.
 18659 | Lair:4   | Found a staircase to the Slime Pits.
 18792 | Lair:4   | Reached XP level 13. HP: 86/86 MP: 31/36
 19223 | Lair:4   | Learned a level 5 spell: Freezing Cloud
 19856 | Lair:5   | Entered Level 5 of the Lair of Beasts
 20655 | Lair:5   | Reached skill level 10 in Ice Magic
 21936 | Lair:5   | Reached skill level 15 in Spellcasting
 22913 | Lair:5   | Learned a level 9 spell: Polar Vortex
 23214 | D:11     | Found a gate leading to a gauntlet.
 23289 | Gauntlet | Entered a Gauntlet
 23289 | Gauntlet | Found a transporter.
 23289 | Gauntlet | Found a transporter.
 23289 | Gauntlet | Found a transporter.
 23318 | Gauntlet | Found a transporter.
 23320 | Gauntlet | Found a transporter.
 23334 | Gauntlet | Found a transporter.
 23335 | Gauntlet | Found a transporter.
 23393 | Gauntlet | Found a transporter.
 23405 | Gauntlet | Found a transporter.
 23418 | Gauntlet | Found a transporter.
 23428 | Gauntlet | Found a transporter.
 23443 | Gauntlet | Found a transporter.
 23536 | Gauntlet | Identified the +0 helmet of Zuboson {Rampage Will+ Int-2}
 23789 | Gauntlet | Identified the -2 hat of the Tormentor {Fly rF- Regen+
                  | Int+4}
 23829 | Gauntlet | Identified the +3 long sword of Subjectivity {holy, Will-
                  | Dex+4}
 23829 | Gauntlet | Noticed a minotaur
 23841 | Gauntlet | Killed a minotaur
 23899 | Gauntlet | Got the Cyclopedia of the Bouncing Emperors
 24049 | D:11     | Reached XP level 14. HP: 93/93 MP: 13/38
 24971 | D:11     | Found a staircase to the Orcish Mines.
 25330 | Orc:1    | Entered Level 1 of the Orcish Mines
 25615 | Orc:2    | Entered Level 2 of the Orcish Mines
 25615 | Orc:2    | Found Weralaont's Jewellery Boutique.
 25958 | Orc:2    | Found Efomp's Antique Weapon Shoppe.
 26441 | Orc:2    | Found a staircase to the Elven Halls.
 26460 | Orc:2    | Found Amaar's Antique Armour Emporium.
 26468 | Orc:2    | Bought a scorched ring mail for 297 gold pieces
 26468 | Orc:2    | Identified the +0 ring mail of Donidaq {rElec rCorr MP+9}
                  | (You bought it in a shop on level 2 of the Orcish Mines)
 26533 | Orc:2    | Reached skill level 1 in Armour
 26669 | Orc:2    | Found Woaj's General Store.
 26675 | Orc:2    | Mangled by a stone giant

Illustrated notes

Levels and vault maps discovered:
D:1:      dpeg_arrival_long_road, layout_rooms, dreamdust_princess_corridor,
          grunt_decor_resistance, serial_bayou_lagoon_b
D:2:      layout_basic, kennysheep_generic_room_14
D:3:      layout_rooms, ebering_ghost_sewer_d
D:4:      layout_loops_ring, mainiacjoe_overflow_six_doors_small
D:5:      layout_rooms
D:6:      layout_basic, mainiacjoe_overflow_alcove_4, lemuel_doored_altar,
          ashenzari_altar_1, hangedman_abyss_or_decor_stagger, corexii_shack,
          uniq_eustachio
D:7:      layout_rooms, fedhas_altar_decomposition, minmay_temple_entry_statues,
          uniq_joseph
D:8:      layout_rooms, elyvilon_altar_1, david_lair_shrubbed, serial_shops,
          shop, enter_bailey_1, gammafunk_ghost_spectres
D:9:      layout_irregular_city, minmay_checkerbox
D:10:     layout_loops_corners, gammafunk_temple_overflow_statue,
          hangedman_tell_no_tales, uniq_maurice, uniq_grum
D:11:     layout_layer_cave, hiddenorc1_lemuel, gauntlet_entry_generic,
          minmay_holes
Lair:1:   dragon1_lemuel, layout_gridlike, beast_lair_carwin_7
Lair:2:   layout_long_grid, nicolae_swamp_entry_spooky, beast_lair_carwin_9,
          grunt_megastairs_2, infiniplex_staircase_pool_2
Lair:3:   layout_misc_corridors, hellmonk_spider_entry_life_and_decay
Lair:4:   layout_loops_ring, slime_entry_1, nicolae_lair_lil_pond, st_stairs_5,
          chequers_serial_rivers_micro_c
Lair:5:   minmay_lair_end_frog_pond, layout_gridlike
Orc:1:    layout_caves
Orc:2:    grunt_orc_gardens, layout_caves, grunt_orc_garden, grunt_orc_garden,
          grunt_orc_garden, grunt_orc_garden, nooodl_orcs_dogs

Skill      XL: |  1  2  3  4  5  6  7  8  9 10 11 12 13 14 |
---------------+-------------------------------------------+-----
Spellcasting   | 2 3 4 6 7 9 10 13 14 15 | 15.4
Conjurations   | 4 5 6 7 8 10 12 | 12.4
Ice Magic      | 1 8 11 12 | 12.8
Armour         | 1 |  1.2
Dodging        | |  1.7
Stealth        | |  1.7

Action                     |  1- 3 |  4- 6 |  7- 9 | 10-12 | 13-15 || total
---------------------------+-------+-------+-------+-------+-------++-------
  Melee: Unarmed           |    27 |     1 |       |       |       ||    28
         Trident           |       |       |    56 |    95 |    60 ||   211
         Punch             |       |       |       |     1 |     2 ||     3
         Staff             |       |       |       |       |    15 ||    15
   Cast: Magic Dart        |    93 |    65 |   101 |   211 |   175 ||   645
         Searing Ray       |     1 |    18 |    59 |   125 |    41 ||   244
         Iskenderun's Myst |       |       |    13 |   140 |   128 ||   281
         Freezing Cloud    |       |       |       |       |    69 ||    69
         Ozocubu's Refrige |       |       |       |       |     6 ||     6
  Evoke: Wand              |       |       |       |    11 |     5 ||    16
    Use: Potion            |       |     1 |       |     1 |       ||     2
         Scroll            |       |       |     1 |     1 |    10 ||    12
 Armour: Robe              |    10 |     6 |     4 |       |       ||    20
         Leather armour    |       |       |    38 |   188 |   106 ||   332
         Ring mail         |       |       |       |       |     2 ||     2
  Dodge: Dodged            |    22 |    35 |    52 |   234 |   114 ||   457
